Map: Kairos Junction LE

Players

degenerate

  • Race: Protoss Protoss
  • Spawn Location: 5:00

Mesrob - Winner!

  • Race: Terran Terran
  • League: Gold
  • Spawn Location: 11:00

VOD

Have the link to the VOD?

Description

Time

  • Played on: Jan. 16, 2019, 10:36 p.m.
  • Length: 17:51
Show
View Real Time Build Order
Export as new Build Order

degenerate Protoss 

Build Orders: Oracle Opening 

Get SALT Encoding   

  12  0:01  Probe  
  13  0:13  Probe  
  14  0:20  Pylon  
  14  0:25  Probe  
  15  0:38  Probe  
  15  0:40  Gateway  
  16  0:44  Assimilator  
  16  0:48  Probe  
  16  0:56  Probe  
  17  1:04  Assimilator  
  18  1:07  Pylon  
  18  1:11  Probe  
  19  1:23  Probe  
  20  1:27  Cybernetics Core  
  20  1:41  Probe  
  21  1:49  Probe  
  22  1:58  Probe  
  23  2:10  Stalker  
  23  2:11  Probe  
  23  2:12  Gateway  
  26  2:19  Warp Gate  
  26  2:26  Stargate  
  26  2:47  Stalker, Probe  
  29  2:59  Nexus  
  29  3:00  Probe  
  30  3:14  Pylon  
  30  3:22  Oracle  
  30  3:29  Pylon  
  30  3:33  Pylon  
  33  3:42  Twilight Council  
  33  3:45  Pylon  
  33  3:46  Probe  
  33  3:54  Probe  
  35  4:04  Probe  
  35  4:07  Sentry  
  35  4:09  Sentry  
  40  4:16  Probe  
  41  4:17  Gateway  
  41  4:22  Charge  
  41  4:57  Probe  
  41  5:05  Probe  
  42  5:07  Shield Battery  
  42  5:09  Shield Battery, Probe  
  44  5:15  Probe  
  44  5:17  Stalker x2, Probe, Nexus  
  44  5:18  Stalker  
  51  5:26  Pylon  
  52  5:30  Probe  
  53  5:38  Probe  
  53  5:44  Pylon  
  53  5:48  Probe  
  55  6:08  Stalker x3  
  61  6:14  Probe  
  62  6:21  Assimilator  
  62  6:22  Probe  
  62  6:23  Assimilator  
  63  6:34  Templar Archives  
  63  6:41  Fleet Beacon  
  63  6:47  Pylon  
  63  6:54  Gateway  
  63  6:56  Gateway  
  63  6:59  Pylon  
  63  7:01  Forge  
  63  7:06  Stalker  
  63  7:07  Stalker  
  67  7:08  Gateway  
  67  7:09  Pylon  
  67  7:19  Protoss Ground Weapons Level 1  
  67  7:41  Probe  
  67  7:49  Probe  
  69  7:59  Probe  
  70  8:08  Robotics Facility  
  70  8:09  Pylon, Robotics Facility  
  70  8:10  Pylon  
  70  8:14  Zealot x3  
  70  8:15  Zealot x3  
  82  8:20  Probe  
  82  8:24  Probe  
  83  8:28  Pylon, Probe  
  83  8:32  Pylon, Probe  
  85  8:35  Pylon  
  85  8:37  Photon Cannon  
  85  8:38  Probe  
  87  8:42  Probe  
  87  8:43  Gateway  
  87  8:46  Templar Archives  
  87  8:47  Pylon  
  88  8:51  Immortal x2  
  88  8:56  Pylon  
  88  8:57  Photon Cannon  
  88  9:01  Pylon  
  96  9:03  Protoss Ground Armor Level 1  
  96  9:07  Zealot x2  
  96  9:08  Zealot  
  102  9:13  Photon Cannon  
  102  9:18  Pylon  
  102  9:21  Probe  
  102  9:23  Pylon  
  102  9:29  Pylon, Probe  
  102  9:31  Pylon, Psionic Storm  
  103  9:35  High Templar x3  
  110  9:39  Probe  
  110  9:42  Immortal  
  115  9:48  Assimilator  
  115  9:52  Assimilator  
  115  9:56  Photon Cannon  
  115  10:11  Immortal  
  115  10:20  Immortal  
  123  10:29  Probe  
  124  10:37  Probe  
  125  10:44  Protoss Ground Weapons Level 2  
  125  10:45  Probe  
  126  11:00  Pylon, Archon  
  126  11:03  High Templar x3, Nexus  
  132  11:12  Immortal x2  
  132  11:16  Stalker x4  
  148  11:22  Probe  
  149  11:26  Photon Cannon  
  149  11:27  Photon Cannon  
  149  11:30  Shield Battery  
  149  11:35  Shield Battery  
  149  11:36  Zealot x3  
  155  11:46  Zealot x2  
  159  11:50  Sentry x2  
  163  12:05  Dark Shrine  
  163  12:08  Robotics Bay  
  163  12:10  Forge  
  163  12:11  Pylon  
  163  12:18  Observer  
  163  12:20  Warp Prism  
  166  12:23  Photon Cannon  
  166  12:24  Sentry x2  
  166  12:27  High Templar x2  
  171  12:59  Protoss Ground Armor Level 2  
  171  13:18  Stalker x2  
  171  13:19  Stalker, Zealot x2  
  119  14:00  Zealot x2  
  119  14:01  Zealot x3  
  119  14:02  Zealot x2  
  76  14:25  High Templar x2  
  76  14:26  High Templar x4, Probe  
  76  14:27  High Templar  
  91  14:34  Probe  
  91  14:36  Archon  
  92  14:42  Archon x3  
  92  14:44  Probe  
  92  14:56  Probe  
  92  14:59  Immortal x2  
  101  15:01  Zealot x3  
  101  15:02  Stalker x3  
  101  15:03  Stalker  
  69  15:25  Zealot  
  71  15:30  Dark Templar x2  
  71  15:31  Dark Templar x2  
  74  15:47  Stalker x3  
  57  16:15  Stalker x2  
  57  16:16  Stalker x4  
  57  16:17  Stalker  
  69  16:38  Stalker  
  69  16:39  Stalker x3  
  77  16:40  Stalker x3  
  73  17:08  Stalker x2  
  73  17:09  Stalker, Zealot x2  
  73  17:10  Zealot x2  
Show
View Real Time Build Order
Export as new Build Order

Mesrob Terran - Winner!

Build Orders: Mech 

Get SALT Encoding   

  12  0:00  SCV  
  13  0:12  SCV  
  14  0:17  Supply Depot  
  14  0:24  SCV  
  15  0:39  SCV  
  15  0:40  Barracks  
  16  0:47  Refinery  
  16  0:51  SCV  
  17  1:03  SCV  
  18  1:15  SCV  
  19  1:40  Command Center  
  19  1:44  Marine  
  20  1:52  Bunker  
  20  1:55  Orbital Command  
  20  2:04  Factory  
  20  2:06  Barracks Tech Lab  
  20  2:17  Engineering Bay  
  20  2:31  Supply Depot  
  20  2:59  SCV  
  20  3:02  Orbital Command  
  21  3:07  Refinery  
  21  3:11  SCV  
  22  3:15  Supply Depot  
  22  3:20  Siege Tank  
  25  3:29  SCV  
  25  3:31  Supply Depot  
  25  3:34  SCV  
  27  3:39  Engineering Bay  
  27  3:41  SCV  
  27  3:46  SCV  
  29  3:52  Siege Tank  
  29  3:53  SCV  
  33  4:03  Factory  
  33  4:05  Refinery  
  33  4:17  Command Center  
  33  4:19  Armory  
  33  4:25  Missile Turret  
  31  4:38  Missile Turret  
  28  4:40  Missile Turret  
  25  4:55  Missile Turret  
  25  5:04  Refinery  
  25  5:09  Factory Reactor  
  25  5:16  Missile Turret  
  25  5:24  SCV  
  25  5:27  SCV  
  27  5:36  SCV  
  27  5:38  Siege Tank  
  27  5:39  SCV  
  32  5:48  SCV  
  33  5:51  SCV  
  34  6:00  SCV  
  34  6:03  SCV  
  36  6:05  Marine  
  37  6:12  SCV  
  37  6:15  SCV  
  37  6:16  Factory  
  39  6:23  Hellbat  
  39  6:24  Hellbat, SCV, Thor  
  50  6:28  SCV  
  51  6:37  SCV  
  52  6:40  SCV  
  52  6:44  Sensor Tower  
  53  7:04  Planetary Fortress  
  53  7:11  SCV x2  
  53  7:13  Missile Turret  
  55  7:21  Terran Vehicle Weapons Level 1  
  55  7:23  Factory Reactor, SCV x2  
  57  7:35  Missile Turret, SCV  
  55  7:47  SCV  
  56  7:52  Factory x2  
  56  7:56  Missile Turret  
  56  8:03  SCV  
  56  8:05  SCV x2  
  59  8:14  Refinery  
  59  8:15  Refinery, SCV  
  59  8:17  SCV  
  61  8:20  Hellbat x2  
  61  8:22  Hellbat x2, Thor  
  75  8:33  Supply Depot x2  
  75  8:49  Factory  
  75  8:57  Factory Reactor  
  75  8:58  Factory Tech Lab  
  75  9:00  Factory  
  75  9:02  Supply Depot x2  
  75  9:11  Hellbat x4  
  75  9:13  SCV  
  75  9:15  Terran Vehicle And Ship Armor Level 1  
  84  9:22  Sensor Tower  
  84  9:23  Command Center  
  84  9:25  SCV  
  84  9:26  Supply Depot x2  
  84  9:27  SCV  
  86  9:32  SCV  
  86  9:37  SCV  
  88  9:39  SCV  
  88  9:44  SCV  
  90  9:49  SCV  
  90  9:51  Supply Depot, SCV  
  90  9:52  Supply Depot  
  92  9:54  Factory Tech Lab, Thor x2  
  104  10:01  Factory Tech Lab  
  103  10:14  Supply Depot  
  103  10:17  Supply Depot  
  103  10:21  Missile Turret  
  103  10:29  Thor  
  103  10:30  Hellbat x2  
  103  10:31  Hellbat x2  
  103  10:32  Hellbat  
  103  10:33  Hellbat  
  121  10:36  Thor  
  121  10:40  Supply Depot  
  121  10:42  Missile Turret  
  127  10:49  Factory  
  127  11:02  Missile Turret  
  127  11:08  Thor  
  127  11:10  Hellbat x4  
  145  11:11  Hellbat x2  
  145  11:17  SCV x3  
  148  11:22  Missile Turret  
  148  11:24  Refinery  
  148  11:29  Planetary Fortress  
  148  11:33  SCV x2  
  148  11:34  Factory, SCV  
  151  11:41  Factory Tech Lab  
  151  11:45  SCV x2  
  151  11:46  Refinery, SCV  
  154  11:49  Thor x2  
  154  11:51  Hellbat x2  
  154  11:52  Hellbat  
  172  11:57  SCV  
  173  12:06  Terran Vehicle Weapons Level 2  
  173  12:11  Armory  
  173  12:24  Factory Tech Lab  
  173  12:47  Starport  
  173  12:50  SCV  
  174  12:55  Thor  
  180  13:06  Hellbat x3, SCV  
  180  13:10  Supply Depot  
  187  13:13  Terran Vehicle And Ship Armor Level 2  
  187  13:18  SCV  
  188  13:25  Starport  
  188  13:31  Thor  
  188  13:32  Hellbat  
  188  13:33  Supply Depot  
  196  13:39  Command Center  
  196  13:41  Hellbat  
  196  13:42  Hellbat  
  196  13:45  Thor  
  196  13:48  Thor  
  192  13:49  Thor  
  192  13:51  Thor  
  188  13:56  Supply Depot  
  188  14:00  Thor  
  188  14:02  Hellbat, Starport  
  176  14:03  Hellbat  
  174  14:14  Thor  
  174  14:16  Hellbat  
  174  14:17  Hellbat x3  
  184  14:23  Hellbat  
  188  14:24  Hellbat  
  188  14:28  Thor  
  194  14:44  Thor  
  200  15:02  Refinery  
  171  15:18  Thor x3  
  171  15:19  Thor  
  191  15:21  Hellbat x2  
  191  15:22  Hellbat x3  
  199  15:28  Refinery  
  107  16:23  Thor x3  
  107  16:24  Thor x3  
  141  16:27  Hellbat x3  
  147  16:51  Planetary Fortress  
  141  17:02  Hellbat x2  
  141  17:03  Hellbat x4  
  141  17:06  Thor x3  
  141  17:07  Hellbat  
  145  17:09  Starport Tech Lab x3  
  145  17:14  Fusion Core  
Tags
 
Composition
Mech
League
Gold
Matchup
PvT
Replay Pack
sc2 replays
Spawn Locations
Cross Positions
Add a new tag
Caveats
  • Supply blocks, unpowered buildings, or Contaminate may cause inaccurate times.
  • Supply counts are checked every 10 seconds.